 Dungeon Crawl Stone Soup version 0.15.1-4-gac8487e (webtiles) character file.

74 Johnny the Chiller (level 3, -3/26 HPs)
             Began as a Demigod Ice Elementalist on Oct 15, 2014.
             Hit by a stone thrown by a gnoll (4 damage)
             ... on Level 2 of the Dungeon.
             The game lasted 00:04:10 (2149 turns).

Johnny the Chiller (Demigod Ice Elementalist)       Turns: 2149, Time: 00:04:10

HP  -3/26        AC  3     Str 13      XL: 3   Next: 86%
MP   6/8         EV 11     Int 21      God:
Gold 109         SH  0     Dex 16      Spells:  1 memorised,  5 levels left

rFire  + . .     SeeInvis .     p - +0 spear (venom)
rCold  + . .     Clarity  .     o - +0 leather armour
rNeg   . . .     rCorr    +     (no shield)
rPois  +         rRot     .     (no helmet)
rElec  +         Spirit   .     (no cloak)
SustAb .         Warding  .     (no gloves)
rMut   .         Stasis   .     (no boots)
Gourm  .                        (no amulet)
MR     .....                    (no ring)
                                (no ring)

@: resistant, not resistant to hostile enchantments, unstealthy
A: blink 1, frail 1, strong 1
a: Blink


You were on level 2 of the Dungeon.
You were not hungry.

You visited 1 branch of the dungeon, and saw 2 of its levels.

You collected 109 gold pieces.

Inventory:

Hand weapons
 d - a +0 dagger
 n - a +0 dagger of venom
 p - a +0 spear of venom (weapon)
Armour
 a - a +1 robe
 o - a +0 leather armour (worn)
Scrolls
 c - a scroll of random uselessness {unknown}
 e - a scroll of recharging {unknown}
 f - a scroll of remove curse {unknown}
 g - 3 scrolls of enchant armour
 i - 4 scrolls of teleportation
 j - 2 scrolls of identify {unknown}
 m - a scroll of magic mapping {unknown}
Potions
 h - a potion of resistance
 k - a potion of porridge
Books
 b - a book of Frost

   Spells                             Type                      Level
   *Freeze                            Ice                          1
   Throw Frost                        Conjuration/Ice              2
   Ozocubu's Armour                   Charms/Ice                   3
   Throw Icicle                       Conjuration/Ice              4
   Summon Ice Beast                   Ice/Summoning                4
   Condensation Shield                Ice                          4


   Skills:
 * Level 1.9 Fighting
 + Level 0.3 Armour
 + Level 1.9 Dodging
 + Level 2.2 Stealth
 * Level 2.2 Spellcasting
   Level 0.8 Conjurations
 * Level 3.1 Ice Magic


You had 5 spell levels left.
You knew the following spells:

 Your Spells              Type           Power        Failure   Level  Hunger
a - Freeze                Ice            ###.         4%          1    #......


Dungeon Overview and Level Annotations

Branches:
Dungeon (2/15)


Innate Abilities, Weirdness & Mutations

You can translocate small distances at will.
You are frail (-10% HP).
Your muscles are strong. (Str +2)


Message History

The gnoll throws a stone.
The stone hits you but does no damage.
You see here a stone.
The gnoll throws a stone.
The stone completely misses you.
You see here a stone.
A goblin comes into view.
Drink which item? (? for menu, Esc to quit)
You feel protected.
It was a potion of resistance.
Drink which item? (? for menu, Esc to quit)
You feel extremely strange.
You feel stronger.
You feel frail.
You feel jittery.
It was a potion of mutation.
The goblin shouts!
The gnoll throws a stone.
The stone hits you.
* * * LOW HITPOINT WARNING * * *
You see here a stone.
You are too injured to fight recklessly!
Unknown command.
The gnoll throws a stone.
The stone hits you.
You die...

##.#####.#####...######
#.# #.# ##>## #.# #.#
#.# #.# #.# #.# ##.# .
#g# #..# #.# #.## #.#
#.# #(### #.# #.@.# #.#
###(# #.# #g#
#%########## #.#
.......g.g.# #.#
#.#..#####.######.#
#.#..#####.#......#
#..........%...####
###..#####$#...#


You could see a gnoll and a goblin.

Vanquished Creatures
  A gnoll (D:2)
  3 adders (D:2)
  A worm (D:2)
  An ooze (D:1)
  A giant cockroach (D:1)
  4 hobgoblins
  4 kobolds
  4 bats
  A giant gecko (D:2)
  3 giant newts
  8 goblins
  3 jackals (D:1)
  2 rats (D:1)
36 creatures vanquished.

Notes
Turn   | Place    | Note
--------------------------------------------------------------
     0 | D:1      | Johnny, the Demigod Ice Elementalist, began the quest for the Orb.
     0 | D:1      | Reached XP level 1. HP: 14/14 MP: 3/3
     7 | D:1      | Noticed a hog
     7 | D:1      | Noticed a black mamba
     7 | D:1      | Noticed an iguana
   207 | D:1      | Reached skill level 3 in Ice Magic
   245 | D:1      | Reached XP level 2. HP: 8/22 MP: 2/4
   872 | D:1      | Reached skill level 1 in Fighting
  1244 | D:2      | HP: 1/23 [hobgoblin (4)]
  1834 | D:2      | Reached XP level 3. HP: 26/28 MP: 0/8
  2147 | D:2      | Gained mutation: Your muscles are strong. (Str +2) [potion of mutation]
  2147 | D:2      | Gained mutation: You are frail (-10% HP). [potion of mutation]
  2147 | D:2      | Gained mutation: You can translocate small distances at will. [potion of mutation]
  2148 | D:2      | HP: 1/26 [gnoll/ stone (3)]
  2149 | D:2      | Hit by a stone thrown by a gnoll

Action                   || total
-------------------------++-------
Melee: Dagger            ||   105
       Unarmed           ||     4
 Cast: Freeze            ||    40
  Use: Scroll            ||     2
       Potion            ||     2
 Stab: Sleeping          ||     1
  Eat: Bread ration      ||     1
